 Dungeon Crawl Stone Soup version 0.32-a0-666-ge8a88695a4 (webtiles) character file.

Game seed: 4245181462290293457

287 hikkokomori the Chopper (level 6, 0/47 (48) HPs)
             Began as a Coglin Berserker on Mar 9, 2024.
             Was a Believer of Trog.
             Slain by a wight
             ... wielding a +3 short sword
              (4 damage)
             ... on level 3 of the Dungeon.
             The game lasted 00:03:49 (1822 turns).

hikkokomori the Chopper (Coglin Berserker)          Turns: 1822, Time: 00:03:49

HP:   0/47 (48)     AC:  5    Str: 19    XL:     6   Next: 30%
MP:   6/6           EV: 11    Int:  6    God:    Trog [**....]
Gold: 118           SH:  0    Dex: 14    Spells: 5/5 levels left

rFire   . . .        a - +0 hand axe {Prasit}
rCold   . . .        l - +2 hand axe (heavy) {Chang}
rNeg    . . .        o - +0 ring mail
rPois   .            (no helmet)
rElec   .            (no cloak)
rCorr   .            (no gloves)
SInv    .            (no boots)
Will    .....        (amulet unavailable)
Stlth   +            (ring unavailable)
HPRegen 0.27/turn    (ring unavailable)
MPRegen 0.10/turn    (no gizmo)

%: no passive effects
@: on berserk cooldown, lightly drained, revved
A: off-hand wielding, slow wielding, warmup strikes, no jewellery
a: Invent Gizmo, Renounce Religion, Berserk, Trog's Hand


You were on level 3 of the Dungeon.
You worshipped Trog.
Trog was pleased with you.
You visited 1 branch of the dungeon, and saw 3 of its levels.

You collected 118 gold pieces.

Inventory:

Hand Weapons
 a - a +0 hand axe (weapon) {Prasit}
 c - a +0 dagger {Byeongho}
 l - a +2 heavy hand axe (offhand) {Chang}
 p - a +3 mace
 q - a +1 dagger of draining
Missiles
 h - a throwing net (quivered)
Armour
 b - a +0 animal skin
 o - a +0 ring mail (worn)
Scrolls
 d - a scroll of teleportation {unknown}
 e - a scroll of summoning {unknown}
 g - a scroll of noise {unknown}
 j - a scroll of vulnerability {unknown}
 k - a scroll of enchant armour {unknown}
 n - a scroll of amnesia {unknown}
Potions
 i - a potion of ambrosia {unknown}
 m - a potion of brilliance {unknown}


   Skills:
 - Level 4.0 Fighting
 + Level 6.3 Axes
 - Level 1.7 Armour
 - Level 1.7 Dodging


You had 5 spell levels left.
You didn't know any spells.
Your spell library was empty.

Dungeon Overview and Level Annotations

Branches:
Dungeon (3/15)

Altars:

Shops:
D:1 (   D:3 !


Innate Abilities, Weirdness & Mutations

You can wield a second weapon in your off-hand.
It takes a long time for you to wield or remove held weapons.
Your first few attacks do less damage.
You cannot equip rings or amulets.


Message History

You are exhausted.
You feel yourself slow down.
Items here: )) [[.
p - a +3 mace
Things that are here:
a +0 sling; a +0 club; a goblin corpse
Things that are here:
a +0 halberd; a +0 robe
Things that are here:
a +0 spear; a +0 robe
Things that are here:
a +1 dagger of draining; 5 stones; a kobold corpse
q - a +1 dagger of draining A wight comes into view.
It is wielding a +3 short sword.
Things that are here:
a +0 halberd; a +0 robe
Things that are here:
a +0 sling; a +0 club; a goblin corpse
Things that are here:
a +0 robe; a +0 halberd; a +0 robe
Okay, then.
You aren't carrying any items that you can evoke.
It was a potion of curing.
You feel better.
You barely miss the wight with your +2 heavy hand axe.
You hit the wight but do no damage.
You feel yourself speed up. The wight completely misses you.
The wight hits you with a +3 short sword!
You hit the wight with your +2 heavy hand axe.
The wight is lightly damaged.
You hit the wight but do no damage.
The wight hits you with a +3 short sword!
* * * LOW HITPOINT WARNING * * *
You hit the wight with your +0 hand axe.
The wight is moderately damaged.
You hit the wight with your +2 heavy hand axe.
The wight hits you with a +3 short sword!
* * * LOW HITPOINT WARNING * * *
You feel drained.
You die...

.............###.....
..........##.....##
..........#.......#
............#####....
..........### ##.
....>.....# ..........#
........#.#########.#...
#...........)).z@.......
#..##........)#####.#...
... ######.(### .. ##)#
.... ....... .#....##.#
.∩..#... # ## #. ...#


You could see a wight.

Vanquished Creatures
  4 wights (D:3)
  3 adders
  A ribbon worm (D:2)
  A dart slug (D:1)
  9 ball pythons
  4 bats (D:1)
  3 endoplasms
  2 giant cockroaches
  2 goblins
  4 hobgoblins
  4 jackals
  3 kobolds
  4 quokkas
  A frilled lizard (D:1)
  3 rats
48 creatures vanquished.

Notes
Turn   | Place    | Note
-------+----------+-------------------------------------------
     0 | D:1      | hikkokomori the Coglin Berserker began the quest for the
                  | Orb.
     0 | D:1      | Reached XP level 1. HP: 18/18 MP: 1/1
    55 | D:1      | Found Hotzilic's Weapon Boutique.
   177 | D:1      | Reached XP level 2. HP: 24/24 MP: 2/2
   553 | D:1      | Reached XP level 3. HP: 19/29 MP: 3/3
   844 | D:2      | Reached ** piety under Trog
  1114 | D:2      | Reached skill level 4 in Axes
  1114 | D:2      | Reached XP level 4. HP: 27/37 MP: 4/4
  1786 | D:3      | Found Edahadghef's Distillery.
  1790 | D:3      | Reached skill level 5 in Axes
  1790 | D:3      | Reached XP level 5. HP: 30/42 MP: 5/5
  1795 | D:3      | Reached XP level 6. HP: 33/48 MP: 6/6
  1798 | D:3      | Reached skill level 6 in Axes
  1822 | D:3      | Slain by a wight

Illustrated notes

Levels and vault maps discovered:
D:1:      mushboom_english_gardens, layout_basic, serial_shops,
          nicolae_shop_window_shopping
D:2:      layout_basic, solitary_fountain, minmay_tripent
D:3:      layout_rooms, serial_shops, nicolae_shop_crystal

Skill      XL: |  1  2  3  4  5  6 |
---------------+-------------------+-----
Fighting       | 4 |  4.0
Axes           | 4 5 6 |  6.3
Armour         | |  1.7
Dodging        | |  1.7

Action                     |  1- 3 |  4- 6 || total
---------------------------+-------+-------++-------
  Melee: Hand axe          |    76 |    41 ||   117
         Dagger            |    73 |     8 ||    81
 Invoke: Berserk           |       |     1 ||     1
    Use: Potion            |       |     1 ||     1
   Stab: Sleeping          |     2 |       ||     2
 Armour: Animal skin       |    48 |    10 ||    58
         Ring mail         |       |    10 ||    10
  Dodge: Dodged            |    61 |    21 ||    82

Table legend: (Time is in decaauts)
 A = Elapsed time spent in this place.
 B = Non-inter-level travel time spent in this place.
 C = Inter-level travel time spent in this place.
 D = Time resting spent in this place.
 E = Time spent auto-exploring this place.
 F = Levels seen in this place.
 G = Mean time per level.
                   A        B        C        D        E       F      G
               +--------+--------+--------+--------+--------+-----+--------+
         Total |   1839 |   1785 |     54 |      0 |   1427 |   3 |  613.0 |
       Dungeon |   1839 |   1785 |     54 |      0 |   1427 |   3 |  613.0 |
               +--------+--------+--------+--------+--------+-----+--------+

Top non-repeatable levels by time:
     D:2: 866 daAuts
     D:1: 821 daAuts
     D:3: 150 daAuts
